[Event "EYCC Open-U14 2019"]
[Site "Bratislava"]
[Date "2019.08.04"]
[Round "3.24"]
[White "Adamia, Jaba"]
[Black "Oglaza, Oskar"]
[Result "0-1"]
[ECO "D03"]
[WhiteElo "1819"]
[BlackElo "2345"]
[Annotator "NA"]
[PlyCount "106"]
[EventDate "2019.08.02"]
[EventType "swiss"]
[EventCountry "SVK"]
[SourceTitle "playchess.com"]
[Source "ChessBase"]
[SourceQuality "1"]
[TimeControl "40/5400+30:1800+30"]

1. d4 Nf6 2. Bg5 d5 3. Nf3 c5 4. e3 Nc6 5. c3 Qb6 6. Qc1 Bg4 7. Nbd2 Rc8 8. Qb1 e6 9. Bd3 Be7 10. O-O Nd7 11. Bxh7 Qd8 12. Bf4 g5 13. Bg3 Bxf3 14. Nxf3 g4 15. Ne5 Ndxe5 16. dxe5 Bh4 17. Bf4 Qe7 18. Bc2 Kd7 19. e4 d4 20. Ba4 Bg5 21. Bg3 Kc7 22. Bxc6 bxc6 23. cxd4 cxd4 24. b4 Bd2 25. Qd3 Bc3 26. Rab1 Kb7 27. a4 Qc7 28. Rb3 Ka8 29. Qc4 Rhd8 30. Rd1 Qb6 31. Rd3 c5 32. b5 Bb4 33. Rb1 Qa5 34. Ra1 Bc3 35. Rc1 Qb4 36. Qxb4 Bxb4 37. Rc4 Kb7 38. Bf4 Kb6 39. Bd2 Ka5 40. f3 gxf3 41. gxf3 Kxa4 42. Bxb4 cxb4 43. Rxc8 Rxc8 44. Rxd4 Kxb5 45. Rd7 a5 46. h4 b3 47. h5 a4 48. Rb7+ Kc4 49. h6 a3 50. h7 a2 51. Rc7+ Rxc7 52. h8=Q a1=Q+ 53. Kg2 b2 0-1

[Event "EYCC Open-U14 2019"]
[Site "Bratislava"]
[Date "2019.08.04"]
[Round "3.25"]
[White "Musyuk, Lior"]
[Black "Silva, Pedro Gil Ferreira D"]
[Result "1-0"]
[ECO "B15"]
[WhiteElo "2236"]
[BlackElo "2049"]
[Annotator "NA"]
[PlyCount "95"]
[EventDate "2019.08.02"]
[EventType "swiss"]
[EventCountry "SVK"]
[SourceTitle "playchess.com"]
[Source "ChessBase"]
[SourceQuality "1"]
[TimeControl "40/5400+30:1800+30"]

1. e4 c6 2. d4 d5 3. Nc3 dxe4 4. Nxe4 Nf6 5. Nxf6+ exf6 6. c3 Bd6 7. Bd3 O-O 8. Ne2 Re8 9. Qc2 h5 10. O-O h4 11. h3 Nd7 12. Be3 Nf8 13. Rad1 Bc7 14. Rfe1 g5 15. Kf1 Qd6 16. Ng1 Be6 17. a3 Rad8 18. c4 Kg7 19. Bf5 Bxf5 20. Qxf5 Qe6 21. Qc2 Qd7 22. Nf3 Ng6 23. d5 Be5 24. dxc6 Qxc6 25. Rxd8 Rxd8 26. Bxg5 fxg5 27. Nxe5 Nxe5 28. Rxe5 Qf6 29. Qf5 Qxf5 30. Rxf5 Kg6 31. Rb5 b6 32. Ke2 Rd4 33. b3 g4 34. hxg4 Rxg4 35. Kf3 Rd4 36. Rd5 Rxd5 37. cxd5 Kf5 38. d6 Ke6 39. Kg4 Kxd6 40. Kxh4 a5 41. Kg5 Ke6 42. f4 b5 43. f5+ Ke5 44. g4 b4 45. axb4 axb4 46. Kh6 Kf6 47. Kh7 Ke7 48. g5 1-0

[Event "EYCC Open-U14 2019"]
[Site "Bratislava"]
[Date "2019.08.04"]
[Round "3.26"]
[White "Tadic, Stefan"]
[Black "Hulka, Valentyn"]
[Result "1-0"]
[ECO "B40"]
[WhiteElo "2262"]
[BlackElo "1788"]
[Annotator "NA"]
[PlyCount "79"]
[EventDate "2019.08.02"]
[EventType "swiss"]
[EventCountry "SVK"]
[SourceTitle "playchess.com"]
[Source "ChessBase"]
[SourceQuality "1"]
[TimeControl "40/5400+30:1800+30"]

1. e4 c5 2. Nf3 e6 3. c4 Nc6 4. Nc3 d6 5. d4 cxd4 6. Nxd4 Nf6 7. Be2 Be7 8. O-O O-O 9. Be3 a6 10. Rc1 Bd7 11. f3 Rc8 12. Qd2 Nxd4 13. Bxd4 Qc7 14. Rfd1 Qb8 15. a4 Bc6 16. a5 Nd7 17. b4 b6 18. axb6 Nxb6 19. Qa2 Nd7 20. Rb1 Bb7 21. Rdc1 Bf6 22. Bf2 Qc7 23. c5 dxc5 24. bxc5 Be7 25. Na4 Qa5 26. Rxb7 Bxc5 27. Rc2 Bxf2+ 28. Kxf2 Nc5 29. Nxc5 Rxc5 30. Qxa5 Rxa5 31. Ra7 g6 32. Rxa6 Rxa6 33. Bxa6 Kg7 34. Rc8 Rxc8 35. Bxc8 e5 36. Ke3 Kh6 37. Kd3 Kg5 38. Kc4 f5 39. g3 Kf6 40. Kd5 1-0

[Event "EYCC Open-U14 2019"]
[Site "Bratislava"]
[Date "2019.08.04"]
[Round "3.27"]
[White "Schouten, Mathias Lind"]
[Black "Fule, Simon"]
[Result "0-1"]
[ECO "C55"]
[WhiteElo "1961"]
[BlackElo "2184"]
[Annotator "NA"]
[PlyCount "100"]
[EventDate "2019.08.02"]
[EventType "swiss"]
[EventCountry "SVK"]
[SourceTitle "playchess.com"]
[Source "ChessBase"]
[SourceQuality "1"]
[TimeControl "40/5400+30:1800+30"]

1. e4 e5 2. Nf3 Nc6 3. Bc4 Nf6 4. d3 Be7 5. O-O d6 6. c3 O-O 7. a4 Na5 8. Ba2 c5 9. b4 Nc6 10. b5 Nb8 11. h3 h6 12. Re1 Qc7 13. Na3 Kh7 14. Nc4 Be6 15. Bb2 Nbd7 16. Rc1 Rfe8 17. d4 exd4 18. cxd4 d5 19. exd5 Bxd5 20. Bb1+ Kg8 21. Ne3 Bxf3 22. Qxf3 b6 23. Nf5 Bf8 24. dxc5 bxc5 25. Nxh6+ gxh6 26. Bxf6 Nxf6 27. Qxf6 Bg7 28. Qf5 c4 29. Be4 Rad8 30. Re3 c3 31. Rg3 Qe5 32. Qh7+ Kf8 33. Bc6 Re6 34. Kh2 Rg6 35. Rcxc3 Qxc3 36. Rxc3 Bxc3 37. Be4 Rf6 38. Bc6 Be5+ 39. g3 Rxf2+ 40. Kg1 Rf6 41. Qb1 Bxg3 42. Qc1 Kg7 43. a5 Bf2+ 44. Kg2 Rdd6 45. Qb2 Bd4 46. Qb4 Rf2+ 47. Kh1 Be5 48. Qe1 Rh2+ 49. Kg1 Rg6+ 50. Kf1 Bd4 0-1

[Event "EYCC Open-U14 2019"]
[Site "Bratislava"]
[Date "2019.08.04"]
[Round "3.28"]
[White "Kalosha, Zhiulien Oleksii"]
[Black "Guz, Ari"]
[Result "0-1"]
[ECO "B43"]
[WhiteElo "1936"]
[BlackElo "2165"]
[Annotator "NA"]
[PlyCount "88"]
[EventDate "2019.08.02"]
[EventType "swiss"]
[EventCountry "SVK"]
[SourceTitle "playchess.com"]
[Source "ChessBase"]
[SourceQuality "1"]
[TimeControl "40/5400+30:1800+30"]

1. e4 c5 2. Nf3 e6 3. d4 cxd4 4. Nxd4 a6 5. Nc3 Qc7 6. Bd3 Bc5 7. Be3 Nf6 8. O-O b5 9. a3 O-O 10. Kh1 d6 11. Re1 Qa7 12. Nb3 Bxe3 13. Rxe3 Nc6 14. Qe2 Ne5 15. h3 Ng6 16. Qd2 Bb7 17. Na5 d5 18. exd5 Nxd5 19. Rg3 Nxc3 20. Qxc3 Bd5 21. Rf1 Rac8 22. Qd2 Qc7 23. b4 Nf4 24. Qe3 f5 25. Rc1 Nxd3 26. Qxd3 Rfd8 27. Qf1 e5 28. Rg5 g6 29. h4 Kf7 30. h5 Kf6 31. Rg3 g5 32. Qe2 Bc4 33. Nxc4 Qxc4 34. Qe1 Rd4 35. Kg1 Qd5 36. Rh3 e4 37. a4 Rd2 38. axb5 axb5 39. c3 Rd8 40. Qe3 Qe5 41. g3 Qc7 42. h6 R8d3 43. Qe1 Qd6 44. Kg2 e3 0-1

[Event "EYCC Open-U14 2019"]
[Site "Bratislava"]
[Date "2019.08.04"]
[Round "3.29"]
[White "Luczak, Filip"]
[Black "Talibov, Shiroghlan"]
[Result "1/2-1/2"]
[ECO "E06"]
[WhiteElo "2144"]
[BlackElo "1882"]
[Annotator "NA"]
[PlyCount "81"]
[EventDate "2019.08.02"]
[EventType "swiss"]
[EventCountry "SVK"]
[SourceTitle "playchess.com"]
[Source "ChessBase"]
[SourceQuality "1"]
[TimeControl "40/5400+30:1800+30"]

1. d4 Nf6 2. c4 e6 3. g3 d5 4. Bg2 Be7 5. Nf3 O-O 6. O-O dxc4 7. Ne5 Nc6 8. Bxc6 bxc6 9. Nxc6 Qe8 10. Nxe7+ Qxe7 11. Qc2 Ba6 12. Qa4 Qd6 13. Nc3 Qb6 14. Bg5 Nd5 15. e4 Nxc3 16. bxc3 Qb5 17. Qxb5 Bxb5 18. Rab1 Bc6 19. f3 f5 20. exf5 Rxf5 21. Bf4 Raf8 22. Rb4 Bd5 23. Rbb1 g5 24. Bxc7 Rxf3 25. Bd6 R8f7 26. Bb4 Rd3 27. Rxf7 Kxf7 28. Rb2 g4 29. Kf2 Kg6 30. Ke1 Kf5 31. Rd2 h5 32. a4 a6 33. a5 Bc6 34. Rxd3 cxd3 35. Bd6 Ke4 36. Kf2 Ba4 37. Bf4 Bd1 38. Bg5 Be2 39. Bf4 h4 40. Bg5 h3 41. Bf4 {[%emt 0:00:22] Ke5} 1/2-1/2

[Event "EYCC Open-U14 2019"]
[Site "Bratislava"]
[Date "2019.08.04"]
[Round "3.30"]
[White "Stamatiou, Rodolfos"]
[Black "Farkas, Otto Jr."]
[Result "1-0"]
[ECO "B40"]
[WhiteElo "2121"]
[BlackElo "1913"]
[Annotator "NA"]
[PlyCount "39"]
[EventDate "2019.08.02"]
[EventType "swiss"]
[EventCountry "SVK"]
[SourceTitle "playchess.com"]
[Source "ChessBase"]
[SourceQuality "1"]
[TimeControl "40/5400+30:1800+30"]

1. e4 c5 2. Nf3 e6 3. d4 cxd4 4. Nxd4 Nf6 5. Nc3 Nc6 6. Be2 Bb4 7. O-O Bxc3 8. bxc3 Nxe4 9. Bd3 Nf6 10. Ba3 Nxd4 11. cxd4 Qa5 12. Qc1 b6 13. Rb1 Qd5 14. Qf4 Bb7 15. f3 Nh5 16. Qe3 O-O-O 17. c4 Qc6 18. Rfc1 Ba6 19. d5 Qa4 20. Bd6 1-0

[Event "EYCC Open-U14 2019"]
[Site "Bratislava"]
[Date "2019.08.04"]
[Round "3.31"]
[White "Antal, Hunor-Zoltan"]
[Black "Liu, Casper"]
[Result "1-0"]
[ECO "B50"]
[WhiteElo "1980"]
[BlackElo "2194"]
[Annotator "NA"]
[PlyCount "103"]
[EventDate "2019.08.02"]
[EventType "swiss"]
[EventCountry "SVK"]
[SourceTitle "playchess.com"]
[Source "ChessBase"]
[SourceQuality "1"]
[TimeControl "40/5400+30:1800+30"]

1. e4 c5 2. Nf3 d6 3. d4 Nf6 4. dxc5 Nxe4 5. cxd6 Nc6 6. Bd3 Nxd6 7. O-O g6 8. Bd2 Bg7 9. Bc3 e5 10. Re1 f6 11. Nbd2 O-O 12. Ne4 Be6 13. Qe2 Nxe4 14. Bxe4 Qb6 15. a4 Ne7 16. a5 Qc7 17. Qb5 Rab8 18. Bb4 Rfd8 19. Qc5 Nc6 20. Qc3 f5 21. Bxc6 bxc6 22. Bc5 e4 23. Nd4 Bf7 24. Rad1 Rd5 25. b4 Rbd8 26. Qe3 h6 27. c3 g5 28. f3 exf3 29. Qxf3 g4 30. Qe2 Kh8 31. Qf1 f4 32. Re7 R5d7 33. Rde1 Bg8 34. Qe2 Rxe7 35. Qxe7 Rd7 36. Qe4 Rd5 37. Qe7 Rd7 38. Qh4 g3 39. Re8 Rd5 40. hxg3 fxg3 41. Qe4 Qf7 42. Qe2 Rh5 43. Nxc6 Bxc3 44. Rf8 Qg6 45. Rxg8+ Qxg8 46. Qxh5 Qe6 47. Qf3 Qa2 48. Qf8+ Kh7 49. Qe7+ Kh8 50. Qd8+ Kh7 51. Qd3+ Kg8 52. Qxg3+ 1-0

[Event "EYCC Open-U14 2019"]
[Site "Bratislava"]
[Date "2019.08.04"]
[Round "3.32"]
[White "Dahl, Max"]
[Black "Czernek, Tymon"]
[Result "1/2-1/2"]
[ECO "A45"]
[WhiteElo "1981"]
[BlackElo "2003"]
[Annotator "NA"]
[PlyCount "95"]
[EventDate "2019.08.02"]
[EventType "swiss"]
[EventCountry "SVK"]
[SourceTitle "playchess.com"]
[Source "ChessBase"]
[SourceQuality "1"]
[TimeControl "40/5400+30:1800+30"]

1. d4 Nf6 2. Bg5 Ne4 3. Bf4 d5 4. e3 c5 5. Nd2 Nxd2 6. Qxd2 Nc6 7. Nf3 g6 8. c3 Bg7 9. Bd3 a6 10. Bg3 Bg4 11. Be2 Rc8 12. Ne5 Bxe2 13. Nxc6 Rxc6 14. Qxe2 cxd4 15. cxd4 Qc8 16. O-O Rc2 17. Qd3 O-O 18. Qa3 Bf6 19. b3 Qc3 20. Rac1 Rc8 21. Rxc2 Qxc2 22. Qa5 e6 23. Qb6 Qc6 24. Qxc6 Rxc6 25. Rb1 Be7 26. Kf1 Bb4 27. a4 Rc2 28. Be5 f5 29. h3 h5 30. h4 Kf7 31. g3 Ke7 32. Kg2 Bd6 33. Kf3 Bxe5 34. dxe5 b6 35. Rd1 g5 36. hxg5 Kf7 37. Rd4 a5 38. b4 Ra2 39. bxa5 bxa5 40. Rf4 Kg6 41. Rd4 Kxg5 42. Rf4 Rd2 43. Rh4 Rb2 44. Rf4 Ra2 45. Rh4 Kg6 46. Rf4 Kf7 47. Kg2 Kg6 48. Kf3 1/2-1/2

[Event "EYCC Open-U14 2019"]
[Site "Bratislava"]
[Date "2019.08.04"]
[Round "3.33"]
[White "Tabuenca Mendataurigoitia, Pedro"]
[Black "Krupa, Miroslav"]
[Result "0-1"]
[ECO "B23"]
[WhiteElo "1839"]
[BlackElo "2114"]
[Annotator "NA"]
[PlyCount "102"]
[EventDate "2019.08.02"]
[EventType "swiss"]
[EventCountry "SVK"]
[SourceTitle "playchess.com"]
[Source "ChessBase"]
[SourceQuality "1"]
[TimeControl "40/5400+30:1800+30"]

1. e4 c5 2. Nc3 d6 3. d4 cxd4 4. Qxd4 Nc6 5. Qd2 Nf6 6. b3 g6 7. Bb2 Bg7 8. O-O-O O-O 9. f3 a6 10. g4 b5 11. h4 Qa5 12. Kb1 Rd8 13. h5 d5 14. hxg6 fxg6 15. Nxd5 Nxd5 16. exd5 Nb4 17. a3 Rxd5 18. Qe2 Bxb2 19. Kxb2 Qd8 20. Rxd5 Nxd5 21. Qe4 Qd6 22. Bd3 Qf6+ 23. Kc1 Qg5+ 24. Kb2 Qf6+ 25. Kc1 Qf4+ 26. Qxf4 Nxf4 27. Be4 Rb8 28. Nh3 Ne2+ 29. Kd2 Ng3 30. Re1 Nxe4+ 31. Rxe4 Bb7 32. Rxe7 Bxf3 33. g5 Rb7 34. Rxb7 Bxb7 35. Ke3 Kg7 36. Kf4 h5 37. Ke5 Kf7 38. Kd6 h4 39. c4 bxc4 40. bxc4 Bg2 41. Nf2 h3 42. Ng4 Ke8 43. c5 Kd8 44. c6 Bf3 45. c7+ Kc8 46. Ne5 h2 47. Nxg6 Bg4 48. Ne7+ Kb7 49. g6 h1=Q 50. g7 Qh6+ 51. Ke5 Qxg7+ {[%emt 0:00:10] Kd4} 0-1

[Event "EYCC Open-U14 2019"]
[Site "Bratislava"]
[Date "2019.08.04"]
[Round "3.34"]
[White "Vanduyfhuys, Igor"]
[Black "Sobek, Michal"]
[Result "1-0"]
[ECO "B34"]
[WhiteElo "1804"]
[BlackElo "2101"]
[Annotator "NA"]
[PlyCount "67"]
[EventDate "2019.08.02"]
[EventType "swiss"]
[EventCountry "SVK"]
[SourceTitle "playchess.com"]
[Source "ChessBase"]
[SourceQuality "1"]
[TimeControl "40/5400+30:1800+30"]

1. e4 c5 2. Nf3 Nc6 3. d4 cxd4 4. Nxd4 g6 5. Nc3 Bg7 6. Nb3 Nf6 7. Be2 O-O 8. O-O a5 9. a4 d6 10. Bg5 Be6 11. f4 Qb6+ 12. Kh1 h6 13. Bh4 Qb4 14. Bf3 Bxb3 15. cxb3 Nd4 16. Bxf6 Bxf6 17. Nd5 Qc5 18. Rc1 Qa7 19. Qd3 Nxf3 20. Nxf6+ exf6 21. gxf3 Rac8 22. Qxd6 Qe3 23. Rce1 Qxb3 24. Qxf6 Qxa4 25. Rg1 Rc6 26. Qe5 Qb3 27. Ref1 Rc2 28. f5 Kh7 29. Qe7 Rg8 30. fxg6+ Rxg6 31. Rxg6 Kxg6 32. Rg1+ Kh7 33. Qf6 Qxb2 34. Rg7+ 1-0

[Event "EYCC Open-U14 2019"]
[Site "Bratislava"]
[Date "2019.08.04"]
[Round "3.35"]
[White "Briem, Benedikt"]
[Black "Pasztor, Balazs"]
[Result "0-1"]
[ECO "D25"]
[WhiteElo "1901"]
[BlackElo "2140"]
[Annotator "NA"]
[PlyCount "112"]
[EventDate "2019.08.02"]
[EventType "swiss"]
[EventCountry "SVK"]
[SourceTitle "playchess.com"]
[Source "ChessBase"]
[SourceQuality "1"]
[TimeControl "40/5400+30:1800+30"]

1. d4 d5 2. c4 dxc4 3. Nf3 Nf6 4. e3 a6 5. Bxc4 e6 6. O-O b5 7. Be2 Bb7 8. a4 b4 9. Nbd2 Nbd7 10. Nc4 Be7 11. Nfe5 c5 12. Bf3 Bd5 13. Re1 cxd4 14. Bxd5 Nxd5 15. Qf3 Nxe5 16. Nxe5 O-O 17. Nc6 Qb6 18. Nxd4 Rac8 19. e4 Qxd4 20. exd5 Bc5 21. dxe6 fxe6 22. Qe3 Qf6 23. Qxe6+ Qxe6 24. Rxe6 Rxf2 25. Be3 Re2 26. Bxc5 Rxe6 27. Bxb4 Rc2 28. Rf1 h6 29. Rf2 Rxf2 30. Kxf2 Re4 31. Bc5 Rxa4 32. b4 Ra3 33. h4 h5 34. Be3 Kf7 35. Ke2 Ke6 36. Bb6 Kd5 37. Bc7 Rb3 38. Ba5 Kc4 39. Ke1 g6 40. Kf2 Rxb4 41. Bxb4 Kxb4 42. Kf3 a5 43. Kf4 a4 44. Kg5 a3 45. Kxg6 a2 46. Kxh5 a1=Q 47. g4 Qg7 48. g5 Kc5 49. Kg4 Kd5 50. Kf5 Qf7+ 51. Kg4 Ke4 52. g6 Qf5+ 53. Kg3 Qf3+ 54. Kh2 Qg4 55. g7 Kf3 56. g8=B Qg2# 0-1

[Event "EYCC Open-U14 2019"]
[Site "Bratislava"]
[Date "2019.08.04"]
[Round "3.36"]
[White "Popov, Maksim M."]
[Black "Heldenbergh, Nils"]
[Result "1-0"]
[ECO "A05"]
[WhiteElo "2152"]
[BlackElo "1942"]
[Annotator "NA"]
[PlyCount "79"]
[EventDate "2019.08.02"]
[EventType "swiss"]
[EventCountry "SVK"]
[SourceTitle "playchess.com"]
[Source "ChessBase"]
[SourceQuality "1"]
[TimeControl "40/5400+30:1800+30"]

1. Nf3 Nf6 2. c4 e6 3. e3 d5 4. b3 Be7 5. Bb2 O-O 6. d4 b6 7. cxd5 exd5 8. Bd3 Bb7 9. Nbd2 Nbd7 10. Rc1 Bd6 11. Ne5 Ne4 12. O-O Re8 13. f4 Nxd2 14. Qxd2 a6 15. Rf3 Nf6 16. Qe2 Ne4 17. Rcf1 c5 18. Rh3 Qe7 19. f5 Ng5 20. f6 Nxh3+ 21. gxh3 Qc7 22. Bxh7+ Kh8 23. fxg7+ Kxg7 24. Rxf7+ Qxf7 25. Nxf7 Kxf7 26. dxc5 Bxc5 27. Qf3+ Ke7 28. Qf6+ Kd7 29. Bf5+ Kc7 30. Be5+ Rxe5 31. Qxe5+ Kc6 32. h4 Rg8+ 33. Kf1 Rf8 34. Ke2 a5 35. h5 Bd6 36. Qc3+ Bc5 37. Qg7 Bd6 38. Qd7+ Kc5 39. Qxb7 Rxf5 40. Qc8+ 1-0

[Event "EYCC Open-U14 2019"]
[Site "Bratislava"]
[Date "2019.08.04"]
[Round "3.37"]
[White "Kures, Michael"]
[Black "Hak, David"]
[Result "0-1"]
[ECO "C03"]
[WhiteElo "1898"]
[BlackElo "2012"]
[Annotator "NA"]
[PlyCount "94"]
[EventDate "2019.08.02"]
[EventType "swiss"]
[EventCountry "SVK"]
[SourceTitle "playchess.com"]
[Source "ChessBase"]
[SourceQuality "1"]
[TimeControl "40/5400+30:1800+30"]

1. e4 e6 2. d4 d5 3. Nd2 a6 4. Ngf3 c5 5. exd5 exd5 6. dxc5 Bxc5 7. Nb3 Bb6 8. Bd3 Nf6 9. O-O O-O 10. h3 Ne4 11. c3 Nc6 12. Bc2 Be6 13. Nfd4 Qh4 14. Be3 Bc7 15. Re1 Ne5 16. Nxe6 fxe6 17. Bxe4 dxe4 18. Re2 Rf3 19. Qf1 Raf8 20. Nd4 Ng4 21. Nxe6 Nxe3 22. Rxe3 Rxf2 23. Qe1 Bb6 24. Nxf8 Qf4 25. Ne6 Qxe3 26. Qxe3 Bxe3 27. Re1 Re2+ 28. Kf1 Rf2+ 29. Kg1 Bb6 30. Kh2 e3 31. b3 Rxa2 32. Nd4 Bxd4 33. cxd4 e2 34. Kg3 Kf7 35. Kf2 Ke6 36. Rc1 e1=Q+ 37. Kxe1 Rxg2 38. Rc7 b5 39. Ra7 Kd5 40. Rxa6 Kxd4 41. Rb6 Kc5 42. Rb7 Rg3 43. h4 Kb4 44. Kd2 Rg4 45. h5 Rg5 46. h6 gxh6 47. Rxh7 Rh5 0-1

[Event "EYCC Open-U14 2019"]
[Site "Bratislava"]
[Date "2019.08.04"]
[Round "3.38"]
[White "Cappelletto, Joshuaede"]
[Black "Yeh, Timo"]
[Result "1-0"]
[ECO "C50"]
[WhiteElo "2138"]
[BlackElo "1882"]
[Annotator "NA"]
[PlyCount "133"]
[EventDate "2019.08.02"]
[EventType "swiss"]
[EventCountry "SVK"]
[SourceTitle "playchess.com"]
[Source "ChessBase"]
[SourceQuality "1"]
[TimeControl "40/5400+30:1800+30"]

1. e4 e5 2. Nf3 Nc6 3. Bc4 Nf6 4. d3 Bc5 5. c3 d6 6. O-O O-O 7. h3 h6 8. Re1 Be6 9. Bb5 Ne7 10. d4 exd4 11. cxd4 Bb4 12. Bd2 Bxd2 13. Qxd2 c6 14. Bd3 b5 15. Nc3 Qb6 16. Rac1 Rfd8 17. Bb1 a5 18. Qe2 Bc4 19. Qc2 Ng6 20. Ne2 Rac8 21. Ng3 Be6 22. Red1 b4 23. b3 c5 24. d5 Bd7 25. Qb2 Re8 26. Kh1 a4 27. Nd2 a3 28. Qc2 Nf4 29. Nc4 Qb8 30. Qd2 N4h5 31. Nxh5 Nxh5 32. Re1 Bb5 33. Qd1 Bxc4 34. Rxc4 Nf6 35. f4 Nd7 36. Rc1 Re7 37. Bd3 Rce8 38. Qd2 f6 39. Qf2 g5 40. g3 Kg7 41. Rf1 Rf8 42. Qf3 Qe8 43. Bb1 Qc8 44. Qd3 Kg8 45. Kh2 Qe8 46. Qf3 Kg7 47. Rf2 Qf7 48. Qd3 Kg8 49. Qa6 gxf4 50. gxf4 f5 51. Qxd6 Qf6 52. Qxf6 Nxf6 53. d6 Re6 54. e5 Nd7 55. Bd3 Nxe5 56. fxe5 Rxe5 57. Rg1+ Kf7 58. Rxf5+ Rxf5 59. Bxf5 Ke8 60. Be6 c4 61. Rg7 cxb3 62. Re7+ Kd8 63. Rc7 Rf2+ 64. Kg3 Rc2 65. Rg7 Rc3+ 66. Kh4 Rc4+ 67. Bxc4 1-0

[Event "EYCC Open-U14 2019"]
[Site "Bratislava"]
[Date "2019.08.04"]
[Round "3.39"]
[White "Soucek, Petr"]
[Black "Fardet, Elouan"]
[Result "0-1"]
[ECO "A45"]
[WhiteElo "1725"]
[BlackElo "2047"]
[Annotator "NA"]
[PlyCount "56"]
[EventDate "2019.08.02"]
[EventType "swiss"]
[EventCountry "SVK"]
[SourceTitle "playchess.com"]
[Source "ChessBase"]
[SourceQuality "1"]
[TimeControl "40/5400+30:1800+30"]

1. d4 Nf6 2. Bg5 g6 3. Bxf6 exf6 4. e3 d5 5. Ne2 Bd6 6. h4 h5 7. Nbc3 c6 8. Qd2 Qe7 9. g3 Bf5 10. Nf4 Nd7 11. a3 Nb6 12. O-O-O O-O-O 13. f3 Rhe8 14. Re1 Qc7 15. Rg1 Kb8 16. e4 dxe4 17. fxe4 Bg4 18. Kb1 Bc5 19. Nfe2 Nc4 20. Qd1 Bxd4 21. Qxd4 Rxd4 22. Nxd4 Nd2+ 23. Kc1 Qb6 24. Kxd2 Qxd4+ 25. Bd3 f5 26. exf5 Qf2+ 27. Be2 Bxe2 28. Rxe2 Qd4+ 0-1

[Event "EYCC Open-U14 2019"]
[Site "Bratislava"]
[Date "2019.08.04"]
[Round "3.40"]
[White "Pegno, Mattia"]
[Black "Kristoferitsch, Daniel"]
[Result "0-1"]
[ECO "C02"]
[WhiteElo "1821"]
[BlackElo "2108"]
[Annotator "NA"]
[PlyCount "99"]
[EventDate "2019.08.02"]
[EventType "swiss"]
[EventCountry "SVK"]
[SourceTitle "playchess.com"]
[Source "ChessBase"]
[SourceQuality "1"]
[TimeControl "40/5400+30:1800+30"]

1. e4 e6 2. d4 d5 3. e5 c5 4. c3 Nc6 5. Nf3 Bd7 6. a3 Nge7 7. b4 cxd4 8. cxd4 Nf5 9. Bb2 b5 10. Bxb5 Nxe5 11. Bxd7+ Nxd7 12. O-O Be7 13. Nbd2 O-O 14. Rc1 a5 15. b5 a4 16. Qc2 Qa5 17. Rb1 Qxb5 18. Rfc1 Qa6 19. Qc7 Rfd8 20. Rc6 Qc8 21. Rbc1 Qxc7 22. Rxc7 Kf8 23. Kf1 Ke8 24. Ke2 Nd6 25. Ne5 Nxe5 26. dxe5 Nb5 27. R7c2 Nxa3 28. Bxa3 Bxa3 29. Ra1 Bb4 30. Nb1 a3 31. Rca2 Ra7 32. Kd3 Rda8 33. f3 Kd7 34. h3 Kc6 35. Rc2+ Kb5 36. Raa2 Ra6 37. g4 Rc6 38. Rxc6 Kxc6 39. h4 Kb5 40. h5 Ka4 41. Rc2 Kb5 42. Ra2 Be7 43. Kc3 Ka4 44. Ra1 Bb4+ 45. Kd3 Kb3 46. Nxa3 Bxa3 47. f4 Rc8 48. Rf1 Rc1 49. Rf2 Rc3+ 50. Kd4 0-1

[Event "EYCC Open-U14 2019"]
[Site "Bratislava"]
[Date "2019.08.04"]
[Round "3.41"]
[White "Creanga, Robert-Ionut"]
[Black "Binz, Lennox"]
[Result "1-0"]
[ECO "B33"]
[WhiteElo "2024"]
[BlackElo "1871"]
[Annotator "NA"]
[PlyCount "59"]
[EventDate "2019.08.02"]
[EventType "swiss"]
[EventCountry "SVK"]
[SourceTitle "playchess.com"]
[Source "ChessBase"]
[SourceQuality "1"]
[TimeControl "40/5400+30:1800+30"]

1. e4 c5 2. Nf3 e6 3. d4 cxd4 4. Nxd4 Nf6 5. Nc3 Nc6 6. Ndb5 d6 7. Bf4 e5 8. Bg5 a6 9. Na3 b5 10. Nd5 Be7 11. Bxf6 Bxf6 12. c3 O-O 13. Nc2 Be7 14. a4 bxa4 15. Rxa4 f5 16. Bc4 Kh8 17. exf5 Bxf5 18. Nce3 a5 19. Nxf5 Rxf5 20. Bd3 Rf7 21. Qh5 Qg8 22. Bc4 Qf8 23. Bd3 Qg8 24. Rc4 Rc8 25. Bg6 Rff8 26. Rxc6 h6 27. Nxe7 Qa2 28. O-O Rxc6 29. Nxc6 Qxb2 30. Bb1 1-0

[Event "EYCC Open-U14 2019"]
[Site "Bratislava"]
[Date "2019.08.04"]
[Round "3.42"]
[White "Krivenko, Dion"]
[Black "Paduano, Claudio"]
[Result "1/2-1/2"]
[ECO "B30"]
[WhiteElo "1700"]
[BlackElo "2037"]
[Annotator "NA"]
[PlyCount "120"]
[EventDate "2019.08.02"]
[EventType "swiss"]
[EventCountry "SVK"]
[SourceTitle "playchess.com"]
[Source "ChessBase"]
[SourceQuality "1"]
[TimeControl "40/5400+30:1800+30"]

1. e4 c5 2. Nf3 Nc6 3. Nc3 e6 4. Bb5 Nd4 5. Be2 Ne7 6. d3 a6 7. Be3 Nec6 8. Qd2 Qc7 9. Nd1 g6 10. c3 Nxe2 11. Qxe2 b6 12. Bg5 Bg7 13. Ne3 h6 14. Bh4 O-O 15. Bg3 d6 16. Nc4 e5 17. Nfd2 f5 18. f3 Be6 19. Bf2 Rad8 20. O-O Ne7 21. Rfe1 Rd7 22. Ne3 Rfd8 23. c4 Nc6 24. Nd5 Qb8 25. Nf1 f4 26. g3 g5 27. g4 Rb7 28. Nd2 Kf7 29. h4 h5 30. gxh5 Rh8 31. Nf1 Rxh5 32. Nh2 Qh8 33. Ng4 gxh4 34. Kh2 Bd7 35. Rh1 b5 36. b3 bxc4 37. dxc4 a5 38. Nc3 Nd4 39. Bxd4 cxd4 40. Nb5 Bxb5 41. cxb5 Qb8 42. a4 Rc7 43. Rac1 Rh8 44. Rc4 Rhc8 45. Rhc1 Qb6 46. Nf2 Bf6 47. Qd3 Rxc4 48. Rxc4 Rc5 49. Qc2 Qc7 50. Nd3 Rxc4 51. Qxc4+ Qxc4 52. bxc4 Ke6 53. Kh3 Bd8 54. Kg4 Kd7 55. Kh3 Ke6 56. Kg4 Kd7 57. Kh3 Bf6 58. Kg4 Kc8 59. Kh3 Kb7 60. Kg4 Kb6 1/2-1/2

[Event "EYCC Open-U14 2019"]
[Site "Bratislava"]
[Date "2019.08.04"]
[Round "3.43"]
[White "Falkevall, Axel"]
[Black "Maruntis, Patrik-Robert"]
[Result "1-0"]
[ECO "B06"]
[WhiteElo "2067"]
[BlackElo "1876"]
[Annotator "NA"]
[PlyCount "69"]
[EventDate "2019.08.02"]
[EventType "swiss"]
[EventCountry "SVK"]
[SourceTitle "playchess.com"]
[Source "ChessBase"]
[SourceQuality "1"]
[TimeControl "40/5400+30:1800+30"]

1. e4 d6 2. d4 g6 3. Nc3 Bg7 4. Be3 Nf6 5. h3 O-O 6. f4 c6 7. Nf3 Qc7 8. Bd3 a6 9. e5 Nd5 10. Nxd5 cxd5 11. Qd2 Nc6 12. O-O e6 13. h4 f5 14. h5 gxh5 15. Qe1 Bd7 16. Qh4 Be8 17. g4 Qd8 18. gxf5 exf5 19. Qh3 Bg6 20. c3 Qd7 21. Rf2 Rae8 22. Rg2 Kh8 23. Kh1 Bh6 24. Nh4 Qf7 25. Rag1 Re6 26. Bxf5 Bxf5 27. Nxf5 dxe5 28. Nxh6 Rxh6 29. dxe5 Rg6 30. Rg5 Rfg8 31. Qxh5 Kg7 32. f5 Rxg5 33. Rxg5+ Kf8 34. Qxf7+ Kxf7 35. e6+ 1-0